[Event "Late-Titled-Tuesday-Blitz-April-23-2024"]
[Site "Chess.com"]
[Date "2024.04.23"]
[Round "3"]
[White "CarrotsandPizza"]
[Black "Cmorales2001"]
[Result "1-0"]
[WhiteElo "2605"]
[BlackElo "2424"]
[TimeControl "180+1"]
[EndTime "14:30:47 PDT"]
[Termination "CarrotsandPizza won by resignation"]

1. e4 c6 2. d4 d5 3. e5 Bf5 4.
Nf3 e6 5. Be2 c5 6. O-O Nc6 7. Be3 Qb6 8. c4 Rd8 9. cxd5 Rxd5 10.
Nc3 Rd8 11. dxc5 Bxc5 12. Bxc5 Qxc5 13. Qb3 Nge7 14. Qxb7 O-O 15. Qb3 Nd4 16. Nxd4 Qxd4 17. Qa3 Nc6 18. Rfd1 Qxe5 19. Bf1 h5 20. h3 h4 21. Qa6 Nd4 22. Qxa7 Qf4 23. Ne2 Nxe2+ 24. Bxe2 Qe5 25. Bf3 Qxb2 26. a4 Bc2 27. Rdc1 Bxa4 28. Qxa4 Ra8 29. Qd1 Rxa1 30. Rxa1 g6 31. Rb1 Qe5 32.
Qe1 Qf5 33. Qe4 Qf6 34. Rb7 Rd8 35. Ra7 Rc8 36. Ra8 Rxa8 37. Qxa8+ Kg7 38. Qe4 Qa1+ 39. Kh2 Qf6 40. Qg4 Qe5+ 41. Kg1 Qa1+ 42. Bd1 Qf6 43. Qf3 Qe5 44. Be2 Qa1+ 45. Bf1 Qe5 46. Qe3 Qf6 47. Qf3 Qe5 48. Qg4 Qf6 49. Be2 Qa1+ 50. Bf1 Qf6 51. Kh1 Qa1 52. Qe2 Qf6 53. Kh2 Qf4+ 54. Kg1 Qf6 55.
Qc4 Qa1 56. f3 Qf6 57. Kf2 Qg5 58. Qd4+ Kg8 59. Bd3 Qd2+ 60. Kg1 Qe1+ 61. Kh2 Qg3+ 62. Kh1 Qe1+ 63. Qg1 Qg3 64. Qf1 Qd6 65. Qe2 Qf4 66.
Kg1 Qc1+ 67. Kf2 Qc5+ 68. Qe3 Qc3 69. Be2 f6 70. Qxc3 1-0

[Event "Late-Titled-Tuesday-Blitz-April-23-2024"]
[Site "Chess.com"]
[Date "2024.04.23"]
[Round "3"]
[White "NovakRatko"]
[Black "RobertJFischer71"]
[Result "0-1"]
[WhiteElo "2388"]
[BlackElo "2598"]
[TimeControl "180+1"]
[EndTime "14:30:49 PDT"]
[Termination "RobertJFischer71 won by checkmate"]

1. d4 d5 2. c4 c6 3. cxd5 cxd5 4. Nc3 Nf6 5. f3 Nc6 6. e4 e6 7. e5 Ng8 8. f4 Bb4 9. Nf3 Nge7 10. Bd3 h5 11.
Be3 Nf5 12. Bxf5 exf5 13. O-O Be6 14. a3 Bxc3 15. bxc3 O-O 16. Rb1 b6 17. Ng5 g6 18.
h3 Rc8 19. g4 hxg4 20. Nxe6 fxe6 21. hxg4 Qh4 22. Rf2 Qxg4+ 23. Qxg4 fxg4 24. Rg2 Na5 25. Rxg4 Rxc3 26. Rxg6+ Kf7 27. Rg3 Rg8 28. Rxg8 Kxg8 29. Kf2 Rxa3 30. Rg1+ Kf7 31. f5 exf5 32. Rg5 f4 33. Bxf4 Nc6 34. Rf5+ Ke8 35. Be3 Rd3 36. e6 Ke7 37. Rxd5 Kxe6 38. Rh5 Nxd4 39. Rh6+ Kd5 40.
Rh5+ Kc4 41. Rh7 a5 42. Rc7+ Kd5 43. Rd7+ Ke5 44. Rb7 Rb3 45. Rb8 a4 46. Re8+ Ne6 47.
Ra8 b5 48. Ke2 Ke4 49. Bd2 Nd4+ 50. Kd1 Rb1+ 51. Bc1 Nb3 52. Re8+ Kd5 53. Rd8+ Ke6 54. Re8+ Kd7 55. Rb8 Rxc1+ 56. Ke2 Rc5 57. Kd3 Kc7 58. Rg8 Kb6 59. Rg7 Ka5 60. Rg6 Kb4 61. Rg1 Rc4 62.
Rb1 a3 63. Rf1 a2 64. Rf6 a1=Q 65. Rb6 Qd4+ 66. Ke2 Rc2+ 67. Ke1 Qf2+ 68. Kd1 Qe2# 0-1

[Event "Late-Titled-Tuesday-Blitz-April-23-2024"]
[Site "Chess.com"]
[Date "2024.04.23"]
[Round "3"]
[White "FM_Kappeler"]
[Black "ural58"]
[Result "1/2-1/2"]
[WhiteElo "2284"]
[BlackElo "2557"]
[TimeControl "180+1"]
[EndTime "14:30:49 PDT"]
[Termination "Game drawn - insufficient material"]

1. d4 d5 2. c4 e5 3. dxe5 d4 4. Nf3 Nc6 5. a3 g6 6. Nbd2 Bg7 7. Nb3 Nxe5 8. Nfxd4 Nxc4 9. e4 Nd6 10. Bd3 c5 11.
Nb5 Nxb5 12. Bxb5+ Bd7 13. Bxd7+ Qxd7 14. Qxd7+ Kxd7 15.
Nxc5+ Kc6 16. Nd3 Nf6 17. f3 Rhd8 18. Ke2 Rac8 19. Bf4 Nh5 20. Rac1+ Kb5 21. Be3 f5 22. b3 b6 23. Nb4 a5 24. Nd5 fxe4 25. Nc7+ Rxc7 26.
Rxc7 exf3+ 27. gxf3 Re8 28. Kf2 Be5 29. Rb7 Re6 30.
Rd1 Bxh2 31. Rd8 Bg3+ 32. Ke2 Bf4 33. Rxb6+ Rxb6 34. Bxb6 Kxb6 35. Rh8 Nf6 36. Rf8 Be5 37. Rf7 Bb2 38. Kd3 h5 39. Kc2 Ba1 40. Kb1 Bd4 41. Kc2 h4 42. Rg7 h3 43. Rxg6 Kc5 44. Rh6 Nd5 45. Rxh3 Be5 46. Kd3 Nf4+ 47. Ke4 Nxh3 48. Kxe5 Nf2 49. f4 Nd3+ 50. Ke4 Nc1 51. b4+ axb4 52.
axb4+ Kd6 53. f5 Na2 54. b5 Nc3+ 55. Kf4 Nxb5 56. Kg5 Ke7 57. Kg6 Kf8 58. f6 Nd6 59. f7 Nxf7 1/2-1/2

[Event "Late-Titled-Tuesday-Blitz-April-23-2024"]
[Site "Chess.com"]
[Date "2024.04.23"]
[Round "3"]
[White "HamedWafa4"]
[Black "ViIIagra"]
[Result "1/2-1/2"]
[WhiteElo "2732"]
[BlackElo "2923"]
[TimeControl "180+1"]
[EndTime "14:30:51 PDT"]
[Termination "Game drawn - insufficient material"]

1. e4 d6 2. d4 Nf6 3. Nc3 e5 4. dxe5 dxe5 5. Qxd8+ Kxd8 6. Bc4 Bb4 7. Bd2 Ke7 8. Nge2 Be6 9. Bxe6 Kxe6 10. O-O-O Bc5 11.
f3 Nc6 12. Nb5 Rac8 13. Ng3 a6 14. Nc3 Nd4 15. Rhe1 b5 16. Bg5 Nd7 17. Nf5 Rhg8 18. Be3 Nc6 19. Nd5 Bf8 20. Rd2 g6 21. Nh6 Bxh6 22.
Bxh6 f6 23. Be3 Ne7 24. Red1 Nxd5 25. Rxd5 Rg7 26. a4 Rb8 27. a5 h5 28. h4 g5 29.
hxg5 fxg5 30. Bxg5 Nf6 31. Bxf6 Kxf6 32. Rc5 Rxg2 33.
Rxc7 Rbg8 34. Rc6+ Kg5 35. Rxa6 h4 36. Ra7 Kf4 37. Rh7 Kg3 38. a6 h3 39. a7 Rc8 40.
c3 b4 41. c4 Rxc4+ 42. Kb1 Rc8 43. Rg7+ Kxf3 44. Rh7 h2 45. Rd3+ Kxe4 46. Rdh3 Ra8 47. Ka2 Kd4 48. Kb3 e4 49. Rd7+ Ke5 50. Re7+ Kf5 51.
Rh4 e3 52. Rhh7 Kf4 53. Rhf7+ Kg4 54. Rg7+ Kf3 55. Rgf7+ Ke2 56. Rh7 Kf2 57. Rhf7+ Kg1 58. Rxe3 Rf2 59. Rg7+ Kf1 60. Rh3 Rg2 61. Rf7+ Kg1 62.
Rfh7 Rd8 63. Kxb4 Rxb2+ 64. Ka5 Rg2 65. Rxh2 Rxh2 66. Rxh2 Kxh2 67. Kb6 Ra8 68. Kb7 Rxa7+ 69. Kxa7 1/2-1/2

[Event "Late-Titled-Tuesday-Blitz-April-23-2024"]
[Site "Chess.com"]
[Date "2024.04.23"]
[Round "3"]
[White "AsterPhoenix"]
[Black "Licancabur"]
[Result "1-0"]
[WhiteElo "2648"]
[BlackElo "2460"]
[TimeControl "180+1"]
[EndTime "14:30:51 PDT"]
[Termination "AsterPhoenix won on time"]

1. e4 Nf6 2. d3 d5 3. Nd2 e5 4.
Ngf3 Nc6 5. Be2 Bc5 6. c3 O-O 7. b4 Bd6 8. Bb2 a6 9. O-O Re8 10. a4 Bd7 11. Re1 h6 12. Bf1 Bg4 13. h3 Bh5 14.
Qc2 Bg6 15. Nh4 Bh7 16. Nf5 Bxf5 17. exf5 Qd7 18. b5 Ne7 19. c4 Nxf5 20. c5 Bf8 21. Bxe5 axb5 22. Bxf6 Rxe1 23. Rxe1 gxf6 24. axb5 Qxb5 25.
d4 Nxd4 26. Qc3 Qxc5 27. Qg3+ Kh8 28. Qh4 Nf5 29. Qxf6+ Ng7 30. Qxh6+ Kg8 31. Bd3 f5 32.
Nf3 Qc3 33. Bxf5 Nxf5 34. Qe6+ Kh8 35. Qxf5 Bg7 36. Qh5+ Kg8 37. Qxd5+ Kh8 38. Qh5+ Kg8 39. Re8+ Rxe8 40. Qxe8+ Kh7 41. Ng5+ Kh6 42. Nf7+ Kh7 43.
Qe4+ Kg8 44. Qe8+ Kh7 45. g3 Qc6 46. Ng5+ Kh6 47. Nf7+ Kh7 48. Qxc6 bxc6 49. Nd8 c5 50. Kf1 c4 51. Ke2 Kg6 52. Nc6 Bf6 53. Na5 c3 54. Kd3 Kf5 55. f4 c5 56. Nc4 Ke6 57. g4 Kd5 58. Ne3+ Ke6 59. g5 Bd4 60. h4 Bxe3 61.
Kxe3 c4 62. h5 Kf5 63. h6 Kg6 64. Ke2 1-0

[Event "Late-Titled-Tuesday-Blitz-April-23-2024"]
[Site "Chess.com"]
[Date "2024.04.23"]
[Round "3"]
[White "jup1978"]
[Black "Giantgoogachess"]
[Result "0-1"]
[WhiteElo "2495"]
[BlackElo "2302"]
[TimeControl "180+1"]
[EndTime "14:30:52 PDT"]
[Termination "Giantgoogachess won by checkmate"]

1. c4 c6 2. g3 d5 3. Bg2 Nf6 4.
b3 Bf5 5. Nf3 e6 6. O-O Nbd7 7.
Bb2 Bd6 8. Nh4 Be4 9. f3 Bxb1 10.
Rxb1 g5 11. g4 gxh4 12. g5 Rg8 13. f4 Ne4 14. d3 Bc5+ 15. Kh1 Nf2+ 16. Rxf2 Bxf2 17.
cxd5 cxd5 18. e4 Nb6 19. Qh5 Qd7 20. Bf6 Bc5 21. Qxh7 Rf8 22. Qxh4 Be7 23. Be5 Bd6 24. Bf6 Be7 25. Be5 Rc8 26. Qh5 Ba3 27. f5 exf5 28.
exf5 Rc1+ 29. Rxc1 Bxc1 30. Bh3 Qe7 31. Bg3 Qxg5 32. Qe2+ Qe3 33. Qc2 Rh8 34. Qg2 Qxd3 35. Bg4 Rg8 36. Be2 Qe4 37. Bf3 Qxf5 38. Qe2+ Qe6 39.
Qd1 Bh6 40. Bg2 Bf8 41. Qd4 Bd6 42. Bf2 Rg6 43. Qh8+ Kd7 44. Bh3 f5 45. Qh7+ Kc6 46. Bg2 Rh6 47. Qg7 Rxh2+ 48. Kg1 Rxg2+ 49. Kxg2 Qe4+ 50. Kf1 Qd3+ 51. Kg2 Qe4+ 52. Kf1 Qg4 53. Qc3+ Kd7 54. Qf6 Nc8 55. Qf7+ Ne7 56. Qf6 a6 57. Qd4 Qxd4 58.
Bxd4 Nc6 59. Bf2 f4 60. Ke2 Ke6 61. Kf3 Kf5 62. Bb6 Ne5+ 63. Ke2 Ke4 64. Kf1 f3 65.
Bf2 Ng4 66. a4 Nxf2 67. Kxf2 Bc5+ 68. Kf1 Kd3 69. a5 Kc2 70. b4 Bxb4 71. Kf2 Bxa5 72. Kf1 Bc7 73. Kf2 a5 74. Kf1 a4 75. Kf2 a3 76. Ke3 a2 77. Kd4 a1=Q+ 78. Ke3 Qe5+ 79. Kf2 Qe2+ 80. Kg1 Qg2# 0-1

[Event "Late-Titled-Tuesday-Blitz-April-23-2024"]
[Site "Chess.com"]
[Date "2024.04.23"]
[Round "3"]
[White "DuleMudule"]
[Black "mishanick"]
[Result "0-1"]
[WhiteElo "2820"]
[BlackElo "3160"]
[TimeControl "180+1"]
[EndTime "14:30:54 PDT"]
[Termination "mishanick won on time"]

1. d4 Nf6 2. Bg5 d5 3. e3 c5 4. Nd2 Nc6 5. c3 Qb6 6. Qb3 e6 7. Ngf3 Be7 8. dxc5 Qxc5 9. Bd3 h6 10. Bf4 O-O 11.
h3 Bd6 12. Bxd6 Qxd6 13. O-O e5 14. e4 dxe4 15. Bxe4 Nxe4 16. Nxe4 Qe7 17. Rfe1 Be6 18.
Qb5 f6 19. Nc5 Bc8 20. Nd4 Nd8 21. Rad1 Qf7 22. Ndb3 b6 23. Ne4 Be6 24. Nd6 Qg6 25. f4 Bxh3 26. Qd5+ Nf7 27. Nxf7 Kh7 28. fxe5 Bg4 29.
Rd4 Rae8 30. Nd6 Rxe5 31. Rxe5 fxe5 32. Qxe5 Bf3 33. Rd2 Rf6 34. Qe3 Ba8 35. Nc4 Qb1+ 36. Kh2 Qg6 37. Ne5 Qh5+ 38. Kg1 Rf5 39. Nd3 Qg4 40. Nd4 Rg5 41. Nf4 h5 42. Rf2 h4 43.
Nde2 Rf5 44. Qh3 Qg5 45. Kh2 Rf6 46. Rf1 Be4 47. Re1 Rd6 48. Qe3 Bf5 49. Rf1 Rd3 50. Qf2 Rd2 51. Nh3 Bxh3 52. Kxh3 Rxe2 53. Qf3 Re3 54.
Kh2 Rxf3 55. Rxf3 Qe5+ 56. Kh3 g5 57. Kg4 Kg6 58. Kh3 Kh5 59. g4+ hxg3 60. Rf8 g4+ 61. Kg2 Qd5+ 62. Kg1 Qc5+ 63. Kg2 Qxf8 0-1

[Event "Late-Titled-Tuesday-Blitz-April-23-2024"]
[Site "Chess.com"]
[Date "2024.04.23"]
[Round "3"]
[White "PedroGil25"]
[Black "nindjaxx8"]
[Result "1/2-1/2"]
[WhiteElo "2494"]
[BlackElo "2656"]
[TimeControl "180+1"]
[EndTime "14:30:56 PDT"]
[Termination "Game drawn by repetition"]

1. c4 e6 2. Nf3 d5 3. g3 Nf6 4. Bg2 Be7 5. O-O O-O 6. b3 b6 7.
Bb2 Bb7 8. d4 dxc4 9. bxc4 Nbd7 10. Nc3 c5 11. d5 exd5 12. cxd5 Bd6 13. e4 Re8 14. Re1 Ne5 15. Nb5 Nxf3+ 16. Qxf3 Be5 17.
Bxe5 Rxe5 18. Qf4 Re7 19. Rad1 Ne8 20. e5 Rd7 21. e6 Re7 22. d6 Rxe6 23. Bxb7 Rb8 24.
Rxe6 fxe6 25. Bf3 Qd7 26. Nc7 Nf6 27. Qe5 Kf7 28. Re1 Rd8 29. Qxe6+ Qxe6 30. Rxe6 c4 31.
Re7+ Kg6 32. Nb5 a6 33. Nc3 Rxd6 34. Rc7 b5 35. Rc6 Rxc6 36. Bxc6 b4 37. Ne2 Kf5 38. f4 Ke6 39. Kf2 Kd6 40. Bf3 Kc5 41. Ke3 b3 42. axb3 cxb3 43. Kd2 Kb4 44. Kc1 a5 45. Kb1 a4 46.
Nc1 a3 47. g4 Kc3 48. g5 Nd7 49.
f5 Ne5 50. Be2 a2+ 51. Nxa2+ bxa2+ 52. Kxa2 Kd2 53. Bf1 Ke3 54. f6 gxf6 55. gxf6 Kf4 56. Bc4 Kg5 57. f7 Nd7 58. Kb3 Kf6 59. Kc3 Kg7 60. Kd4 Nf8 61. Ke4 Kf6 62. Kf4 h6 63. Kg4 Kg6 64. h3 Nd7 65. Bd3+ Kg7 66. Bc4 Ne5+ 67.
Kh5 Nxc4 68. f8=Q+ Kxf8 69. Kxh6 Kg8 70. h4 Nd6 71. h5 Nf7+ 72. Kg6 Nd8 73. h6 Nc6 74. h7+ Kh8 75. Kh6 Nb4 76. Kg6 Na2 77. Kh6 Nc3 78. Kg6 Ne4 79. Kh6 Nc3 80. Kg6 Nb1 81. Kh6 Nd2 82. Kg6 Nf1 83. Kh6 Ne3 84. Kg6 Nd1 85. Kh6 Nc3 1/2-1/2

[Event "Late-Titled-Tuesday-Blitz-April-23-2024"]
[Site "Chess.com"]
[Date "2024.04.23"]
[Round "3"]
[White "Indefatigable11"]
[Black "ahkashefi2800"]
[Result "0-1"]
[WhiteElo "2407"]
[BlackElo "2601"]
[TimeControl "180+1"]
[EndTime "14:30:59 PDT"]
[Termination "ahkashefi2800 won by resignation"]

1. Nf3 d5 2. c4 e6 3. d4 Nf6 4. g3 Be7 5. Bg2 dxc4 6. O-O O-O 7.
Qc2 b5 8. a4 b4 9. Qxc4 Ba6 10.
Qc2 Nbd7 11. Bg5 c5 12. dxc5 Rc8 13. c6 Qa5 14. Nbd2 Nb8 15. Nb3 Qf5 16. Qxf5 exf5 17. Ne5 h6 18. Bxf6 Bxf6 19. Nd7 Nxd7 20. cxd7 Rc7 21. Rad1 Rd8 22. Rd6 Bc4 23. Na5 Be6 24.
Bc6 Bxb2 25. Rfd1 Be5 26. R6d3 b3 27. Nb7 Rdxd7 28. Bxd7 Rxb7 29. Bxe6 fxe6 30. Re3 Bf6 31. Rb1 b2 32. Rd3 Rc7 33. Kf1 Rc1+ 34. Rd1 Rc4 35.
a5 Ra4 36. e3 Rxa5 37. Ke2 Kf7 38. Kd3 Ra1 39. Kc2 a5 40. Rd7+ Kg6 41. f4 a4 42. Ra7 a3 43. Ra6 Kf7 44. Ra7+ Kg6 45. h3 Kh5 46. g4+ Kh4 47. gxf5 exf5 48. Ra6 a2 49.
Rxb2 Bxb2 50. Kxb2 Rg1 51. Kxa2 Kxh3 52. Ra5 g6 53.
Ra6 Rg3 54. Kb2 h5 55. Rf6 h4 56. Kc2 Kg2 57. Kd2 h3 58. Rf8 h2 59. Rh8 h1=Q 60. Rxh1 Kxh1 61. e4 Kg2 62. e5 Kf2 63. e6 Re3 64. e7 Rxe7 0-1

[Event "Late-Titled-Tuesday-Blitz-April-23-2024"]
[Site "Chess.com"]
[Date "2024.04.23"]
[Round "3"]
[White "Smoking_Crow"]
[Black "Heliosis11"]
[Result "1-0"]
[WhiteElo "2610"]
[BlackElo "2403"]
[TimeControl "180+1"]
[EndTime "14:31:00 PDT"]
[Termination "Smoking_Crow won on time"]

1. e4 c5 2. Nf3 e6 3. c3 Nf6 4.
e5 Nd5 5. d4 cxd4 6. cxd4 b6 7.
Nc3 Nxc3 8. bxc3 Qc7 9. Bd2 Bb7 10. Bd3 d6 11. O-O Nd7 12. Re1 dxe5 13. Nxe5 Bd6 14. Qg4 Nxe5 15. dxe5 Bxe5 16. Bb5+ Kf8 17. h3 Rd8 18. Be3 h5 19. Qe2 Bf6 20. Red1 g6 21. Bd4 Bxd4 22. cxd4 Kg7 23. Rac1 Qf4 24. Qe5+ Qxe5 25.
dxe5 a6 26. Bf1 b5 27. Rxd8 Rxd8 28. Rc7 Bd5 29. a3 Rb8 30. Ra7 Ra8 31. Rc7 Rb8 32. f3 a5 33. Ra7 b4 34. Rxa5 b3 35. Bd3 b2 36. Bb1 Rc8 37. Kf2 Rc1 38. Bd3 b1=Q 39. Bxb1 Rxb1 40. Ra7 Rb2+ 41. Kg1 Ra2 42. a4 Bb3 43. a5 Bd5 44. Kf1 g5 45. Kg1 Kg6 46. Kf1 Kf5 47. Rxf7+ Kxe5 48. Ra7 Kf4 49. Rf7+ Kg3 50.
Rg7 Rxa5 51. Rxg5+ Kh4 52. Rg8 Ra1+ 53. Kf2 Ra2+ 54. Kg1 e5 55. Rd8 Rd2 56. Rd7 Kg5 57. Re7 Kf6 58. Re8 Bf7 59. Ra8 Rd1+ 60. Kh2 h4 61.
Rh8 Kg5 62. Rh7 Bg6 63. Re7 Re1 64. Ra7 e4 65. Ra5+ Kf6 66. f4 e3 67. g4 Be4 68.
g5+ Ke7 69. Ra7+ Kd6 70. Ra6+ Kd5 71. Ra5+ Kc6 72. Ra6+ Kb7 73. Ra1 Rxa1 74. f5 Kc6 75. f6 Kb7 76. f7 1-0

[Event "Late-Titled-Tuesday-Blitz-April-23-2024"]
[Site "Chess.com"]
[Date "2024.04.23"]
[Round "3"]
[White "Lady_Nika"]
[Black "quvnoq_muxlis"]
[Result "1/2-1/2"]
[WhiteElo "2502"]
[BlackElo "2674"]
[TimeControl "180+1"]
[EndTime "14:31:03 PDT"]
[Termination "Game drawn - insufficient material"]

1. g4 d5 2. h3 e5 3. Bg2 c6 4. c3 h5 5. g5 Qxg5 6. Kf1 Qd8 7. a4 Nf6 8. b4 Bd6 9. b5 c5 10. d4 cxd4 11. cxd4 e4 12. Ba3 Bxa3 13. Nxa3 O-O 14. Qb3 Nbd7 15. Qg3 Re8 16. e3 Nf8 17. Ne2 Ng6 18. Rg1 h4 19. Qh2 Nh5 20. Rc1 Be6 21.
Qc7 Qxc7 22. Rxc7 Re7 23. Rc5 Rc8 24. Ke1 Rec7 25. Rxc7 Rxc7 26. Kd2 Nf6 27. Nc2 Nh7 28. Nf4 Nxf4 29. exf4 Rc4 30. Ra1 Nf8 31. Bf1 Rc8 32. Ne3 f5 33. Be2 Ng6 34. Ng2 Kf7 35. a5 Kf6 36. b6 axb6 37. axb6 Rc6 38. Rb1 Ne7 39.
Nxh4 Nc8 40. Ng2 Rxb6 41. Rxb6 Nxb6 42. Ne3 g5 43. Ng2 Nc8 44. fxg5+ Kxg5 45. h4+ Kf6 46. Nf4 Bf7 47. Kc3 Ne7 48. h5 Kg5 49. Nh3+ Kf6 50. Kb4 Nc6+ 51. Kc5 Na5 52. Bd1 Nc4 53. Nf4 Nb2 54.
Be2 Na4+ 55. Kb4 Nb6 56. Kc5 Nc8 57. Nxd5+ Kg5 58. Ne3 f4 59. Nc4 Bxh5 60. Bf1 Bg4 61. d5 Kf5 62. d6 Ke6 63. d7 Kxd7 64. Ne5+ Kc7 65. Nxg4 b6+ 66. Kd5 e3 67. fxe3 fxe3 68. Nxe3 Nd6 69. Nc4 Nxc4 70. Bxc4 b5 71. Bxb5 1/2-1/2

[Event "Late-Titled-Tuesday-Blitz-April-23-2024"]
[Site "Chess.com"]
[Date "2024.04.23"]
[Round "3"]
[White "platy3"]
[Black "amanmuhammethommadov"]
[Result "1/2-1/2"]
[WhiteElo "2887"]
[BlackElo "2709"]
[TimeControl "180+1"]
[EndTime "14:31:04 PDT"]
[Termination "Game drawn - insufficient material"]

1. e4 c5 2. Nf3 Nc6 3. Bb5 e6 4.
O-O Nge7 5. Re1 a6 6. Bf1 d5 7.
exd5 Nxd5 8. d4 Nf6 9. Be3 Be7 10. c4 Ng4 11. d5 Nxe3 12. Rxe3 Bf6 13. Nc3 Nd4 14.
Nd2 O-O 15. Nde4 Be5 16. Nxc5 Bxh2+ 17. Kxh2 Qc7+ 18. Rg3 Qxc5 19. Ne4 Qa7 20. Nf6+ Kh8 21. Rh3 gxf6 22. Qh5 Nf3+ 23. Qxf3 Qd4 24. Qh5 Qe5+ 25.
Qxe5 fxe5 26. d6 b6 27. b4 a5 28. c5 Rd8 29. Rd1 Bb7 30. Bb5 Rac8 31. d7 Rc7 32. c6 Bxc6 33. Rc3 Rcxd7 34. Rxd7 Rxd7 35. Bxc6 Rd2 36. bxa5 bxa5 37. Ra3 Rxf2 38. Rxa5 f5 39. a4 Rc2 40. Bf3 e4 41. Bd1 Rd2 42. Bb3 Kg7 43. Re5 Rb2 44. Bc4 Rb4 45. Ba2 Rxa4 46. Bb3 Rb4 47. Ba2 Rb2 48. Bc4 Rc2 49. Bb3 Rc3 50. Rb5 e3 51. Kg3 Kf6 52. Kf3 e5 53. Rb6+ Kg5 54.
Ke2 e4 55. Rb5 Kf4 56. Be6 Rc2+ 57. Ke1 Rc1+ 58. Ke2 Rc2+ 59. Kd1 Rd2+ 60. Ke1 Rxg2 61. Rxf5+ Kg3 62. Rf7 h5 63. Bd5 Rg1+ 64. Ke2 Ra1 65. Bxe4 h4 66. Kxe3 Re1+ 67. Kd4 h3 68. Rg7+ Kf2 69. Rh7 Rxe4+ 70. Kxe4 Kg2 71. Rg7+ Kf2 72. Rh7 Kg2 73. Ke3 h2 74. Rg7+ Kf1 75. Rh7 Kg2 76. Rxh2+ Kxh2 1/2-1/2

[Event "Late-Titled-Tuesday-Blitz-April-23-2024"]
[Site "Chess.com"]
[Date "2024.04.23"]
[Round "3"]
[White "Byniolus"]
[Black "SpeedofLight0"]
[Result "0-1"]
[WhiteElo "2800"]
[BlackElo "3072"]
[TimeControl "180+1"]
[EndTime "14:31:14 PDT"]
[Termination "SpeedofLight0 won on time"]

1. d4 d6 2. Nf3 g6 3. Bf4 Bg7 4. e3 Nc6 5. h3 e5 6. dxe5 dxe5 7. Qxd8+ Kxd8 8. Bg5+ f6 9. Bh4 Nh6 10. Nc3 Nf5 11. O-O-O+ Bd7 12. Ne4 Nxh4 13. Nc5 Nb8 14. Nxh4 Ke7 15. Nxb7 Bc6 16. Na5 Be8 17. Nf3 Nc6 18.
Nxc6+ Bxc6 19. Bc4 Rhd8 20. Rhg1 a5 21. Be2 f5 22. c3 a4 23. a3 Be8 24. Rxd8 Rxd8 25. Rd1 Rb8 26. Ne1 Bf7 27. Nd3 Bb3 28. Rd2 Rb5 29.
Bd1 Bxd1 30. Rxd1 e4 31. Nb4 Ke6 32. Rd8 Ra5 33. Nc6 Ra6 34. Nd4+ Ke7 35. Rb8 Be5 36.
Rb5 Bd6 37. Kc2 Kd7 38. Ne2 c6 39. Rb7+ Bc7 40. Nf4 g5 41. Nh5 c5 42. Ng7 Kc6 43.
Rxc7+ Kxc7 44. Nxf5 Rf6 45. g4 h5 46. b3 axb3+ 47.
Kxb3 h4 48. Kc4 Rb6 49. Kxc5 Rb1 50. Kd4 Rh1 51. Kxe4 Rxh3 52. Nd4 Rh1 53. Kf3 Kd6 54. c4 Rg1 55. c5+ Kd5 56. c6 Kd6 57. c7 Kxc7 58.
Ne6+ Kd6 59. Nxg5 Ke5 60. Nh3 Rh1 61. Kg2 Ra1 62. Ng5 Rxa3 63. Nf3+ Kf6 64. Nxh4 Kg5 65. Kg3 Ra1 66. Nf3+ Kf6 67. Kf4 Ra2 68. Kg3 Ra4 69. Nd4 Ke5 70. g5 Ra1 71. f4+ Ke4 72. Kg4 Rg1+ 73.
Kh5 Kxe3 74. Ne6 Ke4 75. g6 Kf5 76. Nd4+ Kf6 77. f5 Rd1 0-1

[Event "Late-Titled-Tuesday-Blitz-April-23-2024"]
[Site "Chess.com"]
[Date "2024.04.23"]
[Round "3"]
[White "jstopa4"]
[Black "KingCyber19"]
[Result "1/2-1/2"]
[WhiteElo "2797"]
[BlackElo "2531"]
[TimeControl "180+1"]
[EndTime "14:31:14 PDT"]
[Termination "Game drawn by repetition"]

1. c4 c5 2. Nf3 Nf6 3. g3 d5 4.
cxd5 Nxd5 5. Bg2 Nc6 6. O-O e5 7. d3 Be7 8. Nc3 Nc7 9. Bd2 O-O 10. a3 Be6 11. Rb1 f6 12. Qa4 a6 13. Rfc1 b5 14. Qd1 Qd7 15. Ne4 c4 16. dxc4 Bxc4 17. Qe1 Rad8 18.
b3 Bd5 19. Nc5 Qe8 20. Be3 Ne6 21. Nxe6 Bxe6 22. Ng5 fxg5 23. Rxc6 Qf7 24. b4 Rd6 25. Rxd6 Bxd6 26. Bxg5 Qf5 27. Be3 Bc4 28. Rd1 Be7 29.
Bd5+ Bxd5 30. Rxd5 Qe4 31. Qd2 Rc8 32. Qd3 Qc4 33.
Rd7 Bf6 34. h4 e4 35. Qd1 Qa2 36. Qd5+ Qxd5 37. Rxd5 Rc2 38. Rd6 Rxe2 39. Rxa6 Ra2 40. Ra8+ Kf7 41. Ra7+ Kg6 42. Rb7 Rxa3 43. Rxb5 Ra2 44.
h5+ Kf7 45. Rb7+ Ke6 46. b5 Kf5 47. Kg2 Kg4 48. h6 gxh6 49. Rxh7 Bg5 50. Rg7 Rb2 51. b6 Kf5 52. Bxg5 hxg5 53. b7 e3 54. Kg1 exf2+ 55. Kg2 Kg4 56. Rc7 f1=Q+ 57. Kxf1 Kxg3 58. Ke1 g4 59. Rc3+ Kh2 60. Rc7 g3 61. Rh7+ Kg1 62. Rg7 g2 63.
Rh7 Rb1+ 64. Ke2 Rb6 65. Ke1 Re6+ 66. Kd2 Rd6+ 67. Ke2 Re6+ 68. Kf3 Rb6 69. Ke2 Rb2+ 70. Ke1 Rb1+ 71. Ke2 Rb6 72. Ke1 Re6+ 73. Kd2 Rb6 74. Ke2 Rb2+ 75. Ke1 1/2-1/2

[Event "Late-Titled-Tuesday-Blitz-April-23-2024"]
[Site "Chess.com"]
[Date "2024.04.23"]
[Round "3"]
[White "Jooonaaas1996"]
[Black "Bryanl106"]
[Result "0-1"]
[WhiteElo "2423"]
[BlackElo "2696"]
[TimeControl "180+1"]
[EndTime "14:31:15 PDT"]
[Termination "Bryanl106 won on time"]

1. c4 Nf6 2. Nf3 c5 3. Nc3 Nc6 4. e3 g6 5. d4 cxd4 6. exd4 d5 7. cxd5 Nxd5 8. Qb3 Nxc3 9. Bc4 Nd5 10. Bxd5 e6 11.
Bxc6+ bxc6 12. O-O Bg7 13. Bf4 O-O 14. Be5 Qd5 15.
Qe3 f6 16. Bg3 Bd7 17. Rfc1 Qb5 18. b3 Qb7 19. Nd2 Rae8 20. Ne4 Qa8 21. h4 e5 22. dxe5 fxe5 23. Rc5 Re7 24. h5 Qb8 25. h6 Bh8 26.
Rd1 Qc7 27. Rc2 Bf5 28. Rcd2 Qb6 29. Qxb6 axb6 30. Bh4 Ra7 31. f3 Raa8 32. Rd6 Rac8 33. a4 Rc7 34. Ng3 Bc2 35. Rd7 Rcc8 36. R1d6 Bxb3 37.
Ne4 Bf7 38. Nf6+ Bxf6 39. Bxf6 Rfe8 40. Rb7 b5 41. Rdd7 Rf8 42. Bg7 Rfe8 43. Rxf7 Rb8 44. Rbc7 Rbc8 45. Rxc8 Rxc8 46. axb5 Kxf7 47. bxc6 Rxc6 48.
Kf2 Ke6 49. Kg3 Kf5 50. Kh3 Rc3 51. Kg3 Rd3 52. Kh3 e4 53. Kg3 exf3 54. gxf3 g5 55. Kf2 Rd6 56. Kg3 Kg6 57. Kg4 Rd7 58. f4 gxf4 59.
Kxf4 Rd1 60. Kg4 Rb1 61. Kh4 Rb4+ 62. Kg3 Kf5 63. Kh3 Kg5 64. Kg3 Rb3+ 65. Kf2 Kg4 66.
Kg2 Ra3 67. Kf2 Ra2+ 68. Kf1 Kf3 69. Ke1 Rg2 70. Kf1 Rg3 71. Ke1 Rg2 72. Kf1 Rd2 73. Ke1 Rd6 74. Bf8 Re6+ 75. Kf1 Kg3 76. Bg7 Re8 77.
Bc3 Rf8+ 78. Kg1 Rc8 79. Be5+ Kf3 80. Bg7 Rc2 0-1

[Event "Late-Titled-Tuesday-Blitz-April-23-2024"]
[Site "Chess.com"]
[Date "2024.04.23"]
[Round "3"]
[White "Sinquefield"]
[Black "Hirna2005"]
[Result "0-1"]
[WhiteElo "2506"]
[BlackElo "2341"]
[TimeControl "180+1"]
[EndTime "14:31:15 PDT"]
[Termination "Hirna2005 won by resignation"]

1. Nf3 g6 2. d4 Bg7 3. Bg5 d6 4. e3 Nd7 5. Nbd2 c5 6. c3 b6 7. Bc4 Bb7 8. O-O Ngf6 9. b4 O-O 10. a4 Ne4 11. Nxe4 Bxe4 12. Qb3 Bxf3 13. gxf3 Rb8 14. Bh4 Nf6 15. Rfd1 Qc8 16. Bg3 Qf5 17. Be2 Nh5 18. Rab1 cxb4 19. cxb4 Rbc8 20. Rbc1 Nxg3 21. hxg3 h5 22.
Kg2 Bf6 23. Bd3 Qd7 24. Bxg6 h4 25. Rxc8 Qxc8 26. Rh1 Kg7 27. Bd3 Rh8 28. Qd5 h3+ 29.
Kh2 Qc3 30. Qe4 Qxb4 31. Rc1 Qd2 32. Qg4+ Kh6 33. Rg1 Qxd3 34. Kxh3 Qg6 35. Qxg6+ Kxg6+ 36. Kg2 Rc8 37. Ra1 e5 38. dxe5 Bxe5 39. Ra2 Rc1 40. f4 Bf6 41. Kf3 Ra1 42. Rd2 Rxa4 43. Rxd6 b5 44.
e4 Kg7 45. e5 Be7 46. Rd7 Bc5 47. e6 Ra3+ 48. Ke4 Kf6 49. exf7 Kg7 50. Kf5 Bxf2 51. g4 b4 52. g5 Ra5+ 53. Kg4 Be3 54. f5 Bxg5 55. Kxg5 b3 56. Rb7 Ra3 57. f8=Q+ Kxf8 58.
Kf6 Ke8 59. Ke6 Ra6+ 60. Ke5 Rb6 61. Rxa7 b2 62. Ra8+ Kf7 63. Ra7+ Kg8 64. Ra8+ Kh7 65. Ra7+ Kh6 66. f6 b1=Q 67. f7 Qe1+ 68. Kd5 Qd2+ 69. Kc5 Qe3+ 70. Kd5 Rf6 71. Ra6 Kg7 72. Rxf6 Qd3+ 73.
Ke6 Qc4+ 74. Ke5 Qc3+ 75. Ke6 Qxf6+ 76. Kd5 Qxf7+ 0-1